 Dungeon Crawl Stone Soup version 0.21.1-1-g345015fe64 (webtiles) character file.

9931 Gargoyl the Cleaver (level 11, -3/91 HPs)
             Began as a Centaur Abyssal Knight on July 4, 2018.
             Was a High Priest of Lugonu.
             Succumbed to a black mamba's poison
             ... on level 1 of the Lair of Beasts on July 5, 2018.
             The game lasted 00:21:10 (13619 turns).

Gargoyl the Cleaver (Centaur Abyssal Knight)       Turns: 13619, Time: 00:21:11

Health: -3/91      AC: 17    Str: 16    XL:     11   Next: 29%
Magic:  17/17      EV:  2    Int: 14    God:    Lugonu [*****.]
Gold:   290        SH:  9    Dex: 11    Spells: 10/10 levels left

rFire    . . .     SeeInvis .   x - +3 hand axe (drain)
rCold    . . .     Gourm    .   j - +0 shield
rNeg     . . .     Faith    .   g - +0 plate armour (curse)
rPois    .         Spirit   .   (no helmet)
rElec    .         Reflect  .   e - +1 cloak
rCorr    .         Harm     .   f - +2 pair of gloves
MR       .....                  (no barding)
Stlth    ..........             (no amulet)
HPRegen  0.25/turn              B - +3 ring of intelligence
MPRegen  0.15/turn              (no ring)

@: lethally poisoned (-3 -> -60), very quick
A: large, hooves 3, deformed body, speed 2, tough skin 3
a: Depart the Abyss, Bend Space, Banish, Corrupt, Enter the Abyss, Renounce
Religion


You were on level 1 of the Lair of Beasts.
You worshipped Lugonu.
Lugonu was extremely pleased with you.
You were not hungry.

You visited 2 branches of the dungeon, and saw 10 of its levels.
You visited the Abyss 1 time.
You also visited: Sewer.

You collected 552 gold pieces.
You spent 262 gold pieces at shops.

Inventory:

Hand Weapons
 x - a +3 hand axe of draining (weapon)
 A - a +4 war axe
 D - a +2 hand axe of freezing
Missiles
 o - 10 javelins (quivered)
Armour
 e - a +1 cloak (worn)
 f - a +2 pair of gloves (worn)
 g - a cursed +0 plate armour (worn)
 j - a +0 shield (worn)
Jewellery
 z - a +3 ring of intelligence
 B - a +3 ring of intelligence (left hand)
Wands
 a - a wand of iceblast (9)
 l - a wand of random effects (76)
 p - a wand of disintegration (13)
 s - a wand of digging (28)
 v - a wand of flame (30)
 y - a wand of paralysis (29)
Scrolls
 b - 5 scrolls of identify
 d - 3 scrolls of remove curse
 h - 9 scrolls of fog
 i - 3 scrolls of fear
 m - 4 scrolls of teleportation
 q - 4 scrolls of magic mapping
 w - a scroll of blinking
Potions
 k - 4 potions of curing
 n - a potion of might
 r - 6 potions of magic
 t - 2 potions of heal wounds
 u - 2 potions of lignification
 C - a potion of mutation {unknown}
 E - a potion of resistance
Comestibles
 c - 16 rations


   Skills:
 + Level 6.8 Fighting
 + Level 9.1 Axes
 + Level 0.1 Throwing
 * Level 7.5 Armour
 + Level 1.9 Dodging
 + Level 4.7 Shields
 * Level 8.0 Invocations


You had 10 spell levels left.
You didn't know any spells.

Dungeon Overview and Level Annotations

Branches:
Dungeon (9/15)             Temple (0/1) D:6            Lair (1/6) D:9
    Orc: D:9-12

Altars:
Dithmenos
Makhleb
Okawaru
Uskayaw
Yredelemnul

Shops:
D:4 [*(([   D:9 *


Innate Abilities, Weirdness & Mutations

You have hooves in place of feet.
Armour fits poorly on your strangely shaped body.
You cover ground very quickly.
You have extremely tough skin. (AC +3)


Message History

You feel very sick. The black mamba bites you.
* * * LOW HITPOINT WARNING * * *
Your plate armour prevents you from hitting the black mamba.
The black mamba is heavily wounded.
* * * LOW HITPOINT WARNING * * *
You feel very sick.
The black mamba bites you but does no damage. x2
You hit the black mamba. Your kick misses the black mamba.
The black mamba is heavily wounded.
* * * LOW HITPOINT WARNING * * *
You feel very sick. The black mamba bites you.
* * * LOW HITPOINT WARNING * * *
Unknown command.
Unknown command.
Your plate armour prevents you from hitting the black mamba.
Your kick misses the black mamba.
The black mamba is heavily wounded.
You die...

..## ####P.#... .
...###........#.
P(.##....###....
................ ...
......####.#....##
... ...P### ## #...#
.... ..###
#...###..... ....##
#..S..#.... #...P##
#.@....... ......#
#....#...# #...#.##
####..# #
#####..#######....##
#.#..#....#...##
####...†.......#
##..............
.......#...##.....
#.######.### ...#..
#


You could see a black mamba.

Vanquished Creatures
  The ghost of P0WERM0DE the Reanimator, a novice OpNe of Cheibriados (D:9)
  Pikel (D:5)
  Joseph (D:7)
  2 spiny frogs (Lair:1)
  2 komodo dragons (Lair:1)
  Grinder (D:4)
  Sigmund (D:4)
  3 yaks (D:7)
  A wyvern (D:8)
  The ghost of Gargoyl the Skirmisher, an amateur CeAK of Lugonu (D:3)
  Eustachio (D:5)
  Edmund (D:6)
  A water moccasin (Lair:1)
  3 porcupines
  4 sky beasts
  An orc warrior (D:9)
  2 ice beasts (D:6)
  2 phantoms
  2 black bears
  4 centaurs
  3 necrophages (D:9)
  2 ogres
  2 crocodiles
  3 big kobolds
  10 bullfrogs
  A gnoll sergeant (D:7)
  A water moccasin zombie (D:9)
  3 scorpions (D:8)
  8 killer bees
  10 wights
  4 crimson imps
  2 bullfrog zombies
  A centaur zombie (D:9)
  4 orc priests
  3 hounds
  2 jellies (D:6)
  Crazy Yiuf (D:3)
  2 orc wizards
  2 centaur skeletons (D:7)
  A gnoll shaman (D:7)
  Ijyb (D:2)
  Natasha (twice) (D:2)
  An iguana (D:3)
  9 worker ants
  A killer bee zombie (D:9)
  2 hound zombies
  2 hound skeletons
  2 howler monkey zombies
  9 gnolls
  A howler monkey skeleton (D:7)
  16 adders
  2 river rats (Sewer)
  3 oozes
  An adder skeleton (D:5)
  An adder zombie (D:9)
  2 worms (D:4)
  A dart slug (D:1)
  3 leopard geckos
  29 orcs
  2 giant cockroaches
  4 goblins
  3 hobgoblins (D:3)
  12 jackals
  17 kobolds
  4 quokkas
  13 ball pythons
  7 bats
  5 frilled lizards
  33 rats
288 creatures vanquished.

Vanquished Creatures (others)
  A two-headed ogre (D:9)
  A jelly (D:5)
  A howler monkey zombie (D:5)
  An adder skeleton (D:5)
4 creatures vanquished.

Grand Total: 292 creatures vanquished

Notes
Turn   | Place    | Note
-------+----------+-------------------------------------------
     0 | Abyss:1  | Gargoyl the Centaur Abyssal Knight began the quest for the Orb.
     0 | Abyss:1  | Reached XP level 1. HP: 19/19 MP: 2/2
   231 | Abyss:1  | Noticed a smoke demon
   232 | D:1      | Escaped the Abyss
   600 | D:1      | Reached XP level 2. HP: 24/26 MP: 3/3
   676 | D:1      | Reached * piety under Lugonu
   819 | D:1      | Reached skill level 2 in Axes
  1272 | D:2      | Noticed Natasha
  1277 | D:2      | Noticed a crimson imp
  1277 | D:2      | Killed Natasha
  1277 | D:2      | Reached XP level 3. HP: 18/31 MP: 4/4
  1283 | D:2      | Noticed Natasha
  1311 | D:2      | Killed Natasha
  1311 | D:2      | Reached XP level 4. HP: 8/39 MP: 6/6
  1496 | D:2      | Found a burning altar of Makhleb.
  1559 | D:2      | Found an iron altar of Okawaru.
  1585 | D:2      | Noticed a bullfrog
  1601 | D:2      | Killed a bullfrog
  1601 | D:2      | Reached skill level 1 in Dodging
  1601 | D:2      | Reached XP level 5. HP: 20/46 MP: 7/7
  2410 | D:3      | Noticed Ijyb
  2498 | D:2      | Killed Ijyb
  2637 | D:3      | Reached XP level 6. HP: 35/52 MP: 8/8
  2761 | D:3      | Reached skill level 3 in Axes
  2922 | D:3      | Noticed Gargoyl's ghost (amateur CeAK)
  2992 | D:3      | Killed Gargoyl's ghost
  2995 | D:3      | Reached ** piety under Lugonu
  3739 | D:3      | Found a runed door.
  3743 | D:3      | Noticed Crazy Yiuf
  3748 | D:3      | Killed Crazy Yiuf
  3748 | D:3      | Reached XP level 7. HP: 48/59 MP: 9/9
  4032 | D:4      | Found Umefu's Armour Shop.
  4046 | D:4      | Bought a +0 shield for 54 gold pieces
  4080 | D:4      | Found Deifeano's Assorted Antiques.
  4091 | D:4      | Bought a scroll labeled QITENI GAUCWUI for 21 gold pieces
  4103 | D:4      | Found Kilo's Weapon Emporium.
  4112 | D:4      | Noticed Sigmund
  4261 | D:4      | Killed Sigmund
  4261 | D:4      | Reached skill level 4 in Axes
  4432 | D:4      | Found Ickevedwe's Weapon Emporium.
  4539 | D:4      | Found a glowing drain.
  4548 | Sewer    | Entered a sewer
  4674 | Sewer    | Reached *** piety under Lugonu
  4852 | Sewer    | Reached skill level 5 in Axes
  4852 | Sewer    | Reached XP level 8. HP: 60/67 MP: 11/11
  4994 | D:4      | Noticed Grinder
  5003 | D:4      | Killed Grinder
  5005 | D:4      | Found Hajary's Antique Armour Shop.
  5516 | D:5      | Entered Level 5 of the Dungeon
  5551 | D:5      | Noticed Eustachio
  5596 | D:5      | Killed Eustachio
  5847 | D:5      | Noticed Pikel
  5875 | D:5      | Killed Pikel
  5875 | D:5      | Reached skill level 5 in Fighting
  5875 | D:5      | Reached skill level 6 in Axes
  5875 | D:5      | Reached skill level 5 in Armour
  5875 | D:5      | Reached skill level 1 in Shields
  5875 | D:5      | Reached skill level 5 in Invocations
  6744 | D:5      | Reached XP level 9. HP: 74/74 MP: 13/13
  7177 | D:6      | Found a shadowy altar of Dithmenos.
  7259 | D:6      | Noticed Edmund
  7283 | D:6      | Killed Edmund
  7419 | D:6      | Reached skill level 7 in Axes
  7507 | D:6      | Found a staircase to the Ecumenical Temple.
  7550 | D:6      | Reached **** piety under Lugonu
  8148 | D:7      | Noticed Joseph
  8163 | D:7      | Paralysed by Joseph for 6 turns
  8171 | D:7      | Killed Joseph
  8363 | D:7      | Reached XP level 10. HP: 46/81 MP: 14/14
  8643 | D:7      | Reached skill level 8 in Axes
  9664 | D:8      | Reached ***** piety under Lugonu
 11183 | D:9      | Noticed a two-headed ogre
 11498 | D:9      | Banished a two-headed ogre
 12217 | D:9      | Found Lytz's Assorted Antiques.
 12225 | D:9      | Bought a pair of embroidered gloves for 187 gold pieces
 12306 | D:9      | Found a staircase to the Lair.
 12430 | D:9      | Found a basalt altar of Yredelemnul.
 12430 | D:9      | Noticed P0WERM0DE's ghost (novice OpNe)
 12461 | D:9      | Killed P0WERM0DE's ghost
 12461 | D:9      | Reached XP level 11. HP: 59/91 MP: 16/16
 12683 | D:9      | Found a hide-covered altar of Uskayaw.
 13202 | Lair:1   | Entered Level 1 of the Lair of Beasts
 13334 | Lair:1   | Found the +0 sword of Power
 13382 | Lair:1   | Reached skill level 9 in Axes
 13618 | Lair:1   | HP: 3/91 [poisoned by a black mamba]
 13618 | Lair:1   | HP: 1/91 [black mamba (2)]
 13619 | Lair:1   | Succumbed to a black mamba's poison

Skill      XL: |  1  2  3  4  5  6  7  8  9 10 11 |
---------------+----------------------------------+-----
Axes           | 2 3 5 6 7 8 9 |  9.1
Armour         | 2 3 4 5 6 7 |  7.5
Dodging        | 1 |  1.9
Invocations    | 3 4 5 6 7 8 |  8.0
Fighting       | 4 5 6 |  6.8
Shields        | 1 3 4 |  4.7
Throwing       | |  0.1

Action                   |  1- 3 |  4- 6 |  7- 9 | 10-12 || total
-------------------------+-------+-------+-------+-------++-------
Melee: Hand axe          |    62 |   204 |   473 |   566 ||  1305
       Kick              |    10 |    31 |   132 |   142 ||   315
Throw: Javelin           |       |       |     3 |       ||     3
Invok: Depart the Abyss  |     1 |       |       |       ||     1
       Banish            |       |       |       |     1 ||     1
  Use: Scroll            |       |     4 |     7 |     1 ||    12
       Potion            |       |     5 |     5 |     1 ||    11
  Eat: Chunk             |       |     3 |    10 |    13 ||    26
       Ration            |       |     1 |     1 |     1 ||     3
Armor: Ring mail         |    35 |    72 |       |       ||   107
       Chain mail        |       |    33 |       |       ||    33
       Plate armour      |       |    45 |   441 |   341 ||   827
       Skin              |       |    31 |     3 |       ||    34
Dodge: Dodged            |    29 |    55 |    21 |    27 ||   132
Block: Shield            |       |       |   175 |   201 ||   376
